 Dungeon Crawl Stone Soup version 0.27-a0-1219-g958d993ae5 (webtiles) character file.

Game seed: 7043822218537024226

18 Zonian the Conjurer (level 2, 0/19 HPs)
             Began as a Human Conjurer on June 6, 2021.
             Slain by a worm (9 damage)
             ... on level 2 of the Dungeon.
             The game lasted 00:01:40 (1275 turns).

Zonian the Conjurer (Human Conjurer)                Turns: 1275, Time: 00:01:41

Health: 0/19       AC:  3    Str:  7    XL:     2   Next: 90%
Magic:  0/5        EV: 12    Int: 18    God:
Gold:   25         SH:  0    Dex: 11    Spells: 2/5 levels left

rFire    . . .     SeeInvis .   c - +0 short sword
rCold    . . .     Faith    .   (no shield)
rNeg     . . .     Spirit   .   a - +0 robe
rPois    .         Reflect  .   (no helmet)
rElec    .         Harm     .   (no cloak)
rCorr    .         Rampage  .   e - +0 pair of gloves
Will     .....                  (no boots)
Stlth    ++........             (no amulet)
HPRegen  0.06/turn              (no ring)
MPRegen  0.09/turn              (no ring)

@: no status effects
A: no striking features
a: no special abilities


You were on level 2 of the Dungeon.
You visited 1 branch of the dungeon, and saw 2 of its levels.

You collected 25 gold pieces.

Inventory:

Hand Weapons
 b - a +0 war axe
 c - a +0 short sword (weapon)
Armour
 a - a +0 robe (worn)
 e - a +0 pair of gloves (worn)
Scrolls
 d - a scroll of identify {unknown}
 f - a scroll of summoning {unknown}


   Skills:
 + Level 2.0 Dodging
 + Level 2.0 Stealth
 + Level 2.1 Spellcasting
 + Level 4.6 Conjurations


You had 2 spell levels left.
You knew the following spells:

 Your Spells              Type           Power      Damage    Failure   Level
a - Magic Dart            Conj           72%        1d6       2%          1
b - Searing Ray           Conj           36%        3d4       4%          2

Your spell library contained the following spells:

 Spells                   Type           Power      Damage    Failure   Level
 Dazzling Flash           Conj/Hex       20%        N/A       21%         3
 Fulminant Prism          Conj/Hex       5%         3d7       56%         4
 Iskenderun's Mystic Bla  Conj/Tloc      10%        2d4       56%         4


Dungeon Overview and Level Annotations

Branches:
Dungeon (2/15)

Altars:


Message History

Nothing appears to happen.
The magic dart hits the giant cockroach.
The giant cockroach is heavily wounded.
The magic dart hits the giant cockroach.
You kill the giant cockroach!
You can't see any susceptible monsters within range! (Use Z to cast anyway.) Unknown command.
You start resting.
Your magical contamination has completely faded away.
You start resting.
Magic restored.
Unknown command.
You see here a hobgoblin corpse.
A worm comes into view.
A worm is nearby!
The magic dart hits the worm.
The worm is moderately wounded.
The magic dart hits the worm.
The worm is heavily wounded.
The magic dart hits the worm.
The worm is almost dead.
The magic dart hits the worm but does no damage.
The worm is severely wounded.
The magic dart hits the worm.
The worm is severely wounded.
The worm closely misses you.
You hit the worm.
The worm is almost dead.
The worm barely misses you.
You hit the worm.
The worm is almost dead.
You hit the worm.
The worm is almost dead.
The worm bites you!
Ouch! That really hurt!
Unknown command.
You completely miss the worm.
The worm is almost dead.
The worm bites you!
You die...

.. .. ... ... ....
######...
...#+#.......
#......##.........#
#......##.........###
......##.>..........
.....##.###@w......
#.......#..#####...
#.#.....#.....#
#.†.....#.....#
#.......#.....#
#.†#....#.....+ #
#.<####.......# #.
#.....+.......#
#..#.†.###...#...#


You could see a worm.

Vanquished Creatures
  A dart slug (D:1)
  A ball python (D:1)
  An endoplasm (D:1)
  A giant cockroach (D:2)
  5 hobgoblins
  2 kobolds (D:1)
  A bat (D:1)
  2 frilled lizards
  A rat (D:1)
15 creatures vanquished.

Notes
Turn   | Place    | Note
-------+----------+-------------------------------------------
     0 | D:1      | Zonian the Human Conjurer began the quest for the Orb.
     0 | D:1      | Reached XP level 1. HP: 13/13 MP: 3/3
   157 | D:1      | Reached XP level 2. HP: 19/19 MP: 3/5
   160 | D:1      | Learned a level 2 spell: Searing Ray
  1275 | D:2      | Slain by a worm

Illustrated notes

Levels and vault maps discovered:
D:1:      lightli_arrival_quake, layout_basic, minmay_bisected
D:2:      minmay_evil_eye, layout_basic, wad_floor_pattern_untrapped

Action                   || total
-------------------------++-------
Melee: Short sword       ||     8
 Cast: Magic Dart        ||    32
Armor: Robe              ||     1
Dodge: Dodged            ||     6

Table legend: (Time is in decaauts)
 A = Elapsed time spent in this place.
 B = Non-inter-level travel time spent in this place.
 C = Inter-level travel time spent in this place.
 D = Time resting spent in this place.
 E = Time spent auto-exploring this place.
 F = Levels seen in this place.
 G = Mean time per level.
                   A        B        C        D        E       F      G
               +--------+--------+--------+--------+--------+-----+--------+
         Total |   1275 |   1249 |     26 |    674 |    454 |   2 |  637.5 |
       Dungeon |   1275 |   1249 |     26 |    674 |    454 |   2 |  637.5 |
               +--------+--------+--------+--------+--------+-----+--------+

Top non-repeatable levels by time:
     D:1: 1068 daAuts
     D:2: 207 daAuts
